 Dungeon Crawl Stone Soup version 0.19.5 (webtiles) character file.

7331 inmateoo the Cleaver (level 11, -4/100 HPs)
             Began as a Tengu Wanderer on Mar 21, 2017.
             Was a High Priest of Okawaru.
             Slain by a manticore (5 damage)
             ... on level 11 of the Dungeon.
             The game lasted 00:17:38 (10139 turns).

inmateoo the Cleaver (Tengu Wanderer)              Turns: 10139, Time: 00:17:38

Health: -4/100     AC: 25    Str: 15    XL:     11   Next: 13%
Magic:  12/14      EV:  2    Int: 11    God:    Okawaru [*****.]
Gold:   590        SH: 12    Dex: 19    Spells: 0 memorised, 10 levels left

rFire  . . .     SeeInvis .     z - +2 war axe (chop)
rCold  . . .     Gourm    .     (armour currently unavailable)
rNeg   + + +     Faith    .     D - +0 shield
rPois  +         Spirit   .     (helmet currently unavailable)
rElec  .         Reflect  .     (cloak currently unavailable)
rCorr  .         Harm     .     (gloves currently unavailable)
MR     .....     NoTele   +     (boots unavailable)
Stlth  +++.......               (no amulet)
                                u - +4 ring of slaying
                                n - +3 ring of dexterity

@: tree-form, heroism, barbed spikes
A: (beak), (talons 0), mutation resistance 1, able to fly 1
a: Fly, Heroism, Finesse, Renounce Religion


You were on level 11 of the Dungeon.
You worshipped Okawaru.
Okawaru was extremely pleased with you.
You were not hungry.
You were a tree.
You visited 2 branches of the dungeon, and saw 12 of its levels.
You also visited: Bailey.

You collected 590 gold pieces.

Inventory:

Hand Weapons
 b - a +0 hand crossbow
 k - a +4 hand axe
 s - a +2 dagger of venom
 v - a +1 dagger of draining
 z - a +2 war axe of chopping (weapon)
Missiles
 c - 35 bolts
Armour
 x - a +2 pair of gloves (melded)
 A - a +0 cloak (melded)
 D - a +0 shield (worn)
 H - a +4 plate armour of cold resistance (melded)
 I - a +1 hat (melded)
Jewellery
 n - a +3 ring of dexterity (left branch)
 t - an uncursed ring of see invisible
 u - a +4 ring of slaying (right branch)
 Q - an uncursed ring of fire
Wands
 j - a wand of flame (26/48)
 m - a wand of random effects (15/48)
 G - a wand of lightning (4/15)
 K - a wand of hasting (2/9)
 M - a wand of acid (0/15)
 N - a wand of flame (23/48)
Scrolls
 d - a scroll of fear
 e - 3 scrolls of remove curse
 p - a scroll of fog
 q - a scroll of recharging
 w - 2 scrolls of blinking
 F - a scroll of teleportation
 L - 3 scrolls of identify
 O - a scroll of amnesia
Potions
 g - 2 potions of cancellation
 h - a potion of lignification
 r - a potion of haste
 B - a potion of brilliance
 C - a potion of beneficial mutation
 E - 3 potions of flight
Books
 a - a book of Maledictions

   Spells                             Type                      Level
   a - Corona                         Hexes                        1
   b - Ensorcelled Hibernation        Hexes/Ice                    2
   c - Confuse                        Hexes                        3
   d - Tukima's Dance                 Hexes                        3
   e - Dazzling Spray                 Conjuration/Hexes            3
 y - a book of Misfortune

   Spells                             Type                      Level
   a - Confusing Touch                Hexes                        1
   b - Confuse                        Hexes                        3
   c - Gell's Gravitas                Hexes/Translocation          3
   d - Petrify                        Transmutation/Earth          4
   e - Metabolic Englaciation         Hexes/Ice                    5
   f - Yara's Violent Unravelling     Hexes/Transmutation          5
Comestibles
 f - 4 bread rations
 l - 4 meat rations
 J - a fruit
 P - 2 chunks of flesh


   Skills:
 + Level 7.1(12.1) Fighting
 * Level 12.1(17.1) Axes
   Level 1.1(12.9) Maces & Flails
 - Level 1.1(6.1) Crossbows
 + Level 8.4(13.4) Armour
 + Level 5.3(10.3) Dodging
 - Level 1.0(6.0) Stealth
 + Level 4.4(9.4) Shields
 + Level 3.5 Invocations
 - Level 1.0 Evocations


You had 10 spell levels left.
You didn't know any spells.

Dungeon Overview and Level Annotations

Branches:
Dungeon (11/15)            Temple (1/1) D:5            Lair (0/6) D:9
    Orc: D:9-12

Altars:
Ashenzari
Cheibriados
Dithmenos
Elyvilon
Fedhas
Gozag
Hepliaklqana
Kikubaaqudgha
Makhleb
Nemelex Xobeh
Okawaru
Qazlal
Ru
Sif Muna
Trog
Uskayaw
Vehumet
Xom
Yredelemnul
Zin
The Shining One

Annotations:
D:8 Elystan's ghost, novice DEWz


Innate Abilities, Weirdness & Mutations

((You have a beak for a mouth.))
((You have claws for feet.))
You can fly.
You are somewhat resistant to further mutation.


Message History

* * * LOW HITPOINT WARNING * * *
Unknown command.
You feel better. You block the manticore's attack. x2
The manticore claws you but does no damage.
You feel better. The manticore bites you.
* * * LOW HITPOINT WARNING * * *
The manticore claws you but does no damage. x2
You slash the manticore!
The manticore is moderately wounded.
The manticore bites you!
* * * LOW HITPOINT WARNING * * *
You block the manticore's attack.
The manticore claws you but does no damage.
Unknown command.
You hit the manticore.
The manticore is heavily wounded.
The manticore bites you.
* * * LOW HITPOINT WARNING * * *
You block the manticore's attack. The manticore claws you.
You die...

# #.. . #.. ..
#..########...
#####.............
..................
..................
#.......♣H......
###...............
.......<..........
############......
...... ......
..... ..###


You could see a manticore.

Vanquished Creatures
  The ghost of Frank the Basher, a journeyman GrGl of the Shining One (D:10)
  Maurice (D:10)
  A komodo dragon (Bailey)
  A two-headed ogre (D:9)
  2 trolls (D:9)
  A hippogriff (D:9)
  A water moccasin (D:10)
  A sky beast (D:9)
  7 orc warriors
  An ice beast (D:7)
  7 ogres
  4 necrophages (D:9)
  2 phantoms
  4 centaurs
  An eye of draining (D:6)
  3 big kobolds (D:9)
  5 bullfrogs
  A wyvern zombie (D:9)
  A gnoll sergeant (D:7)
  5 scorpions
  8 killer bees (D:7)
  5 wights (D:7)
  6 crimson imps
  A bullfrog zombie (D:5)
  A centaur zombie (D:7)
  A jelly (D:5)
  8 hounds
  2 bullfrog skeletons
  6 orc wizards
  A quasit (D:7)
  3 iguanas
  5 worker ants
  Ijyb (D:2)
  A killer bee zombie (D:7)
  Robin (D:4)
  12 adders
  5 gnolls (D:7)
  A shadow imp (D:7)
  2 oozes
  An adder zombie (D:9)
  An adder skeleton (D:5)
  2 worms
  8 leopard geckos
  33 orcs
  3 ball pythons
  12 giant cockroaches
  13 goblins
  12 hobgoblins
  14 jackals
  17 kobolds
  3 quokkas
  3 bats
  5 frilled lizards
  3 jackal zombies
  A quokka zombie (D:6)
  5 rats
  5 bushes (D:9)
261 creatures vanquished.

Vanquished Creatures (others)
  A bush (D:9)
  5 plants (D:9)
6 creatures vanquished.

Grand Total: 267 creatures vanquished

Notes
Turn   | Place    | Note
-------+----------+-------------------------------------------
     0 | D:1      | inmateoo the Tengu Wanderer began the quest for the Orb.
     0 | D:1      | inmateoo set off with: a +2 scale mail, a +0 hand crossbow, 27 bolts, a potion of lignification, a bread ration
     0 | D:1      | Reached XP level 1. HP: 12/12 MP: 2/2
    92 | D:1      | Reached XP level 2. HP: 16/18 MP: 3/3
   904 | D:2      | Reached XP level 3. HP: 19/23 MP: 4/4
   941 | D:2      | Reached skill level 5 in Armour
  1065 | D:2      | Found an opulent altar of Gozag.
  1180 | D:2      | Reached XP level 4. HP: 28/28 MP: 5/5
  1331 | D:2      | Noticed Ijyb
  1342 | D:2      | Killed Ijyb
  1626 | D:3      | Found a faded altar of an unknown god.
  1859 | D:2      | Gained mutation: You can fly. [Tengu growth]
  1859 | D:2      | Reached XP level 5. HP: 30/33 MP: 6/6
  2567 | D:3      | Reached XP level 6. HP: 35/39 MP: 7/7
  2777 | D:4      | Found a shattered altar of Ashenzari.
  2813 | D:4      | Noticed Robin
  2840 | D:4      | Killed Robin
  3181 | D:4      | Reached skill level 5 in Fighting
  3654 | D:4      | Reached XP level 7. HP: 42/44 MP: 8/8
  3700 | D:5      | Entered Level 5 of the Dungeon
  3704 | D:5      | Found an opulent altar of Gozag.
  3743 | D:5      | Reached skill level 1 in Axes
  4056 | D:5      | Reached skill level 2 in Axes
  4182 | D:5      | Found a staircase to the Ecumenical Temple.
  4276 | Temple   | Entered the Ecumenical Temple
  4283 | Temple   | Became a worshipper of Warmaster Okawaru
  4314 | D:5      | Found a stormy altar of Qazlal.
  4314 | D:5      | Found a basalt altar of Yredelemnul.
  4319 | D:5      | Found a snail-covered altar of Cheibriados.
  4321 | D:5      | Found a hide-covered altar of Uskayaw.
  4322 | D:5      | Found a blossoming altar of Fedhas.
  4494 | D:5      | Reached skill level 3 in Axes
  4506 | D:5      | Reached skill level 4 in Axes
  4724 | D:5      | Reached skill level 5 in Axes
  4995 | D:6      | Reached XP level 8. HP: 49/49 MP: 9/9
  4998 | D:6      | Reached skill level 6 in Axes
  5027 | D:6      | Gained mutation: You are somewhat resistant to further mutation. [potion of mutation]
  5039 | D:6      | Reached * piety under Okawaru
  5220 | D:6      | Found a radiant altar of Vehumet.
  5233 | D:6      | Reached skill level 7 in Axes
  5441 | D:6      | Reached skill level 8 in Axes
  5690 | D:6      | Reached ** piety under Okawaru
  6230 | D:7      | Reached skill level 9 in Axes
  6230 | D:7      | Reached XP level 9. HP: 44/54 MP: 10/10
  6395 | D:7      | Reached skill level 10 in Axes
  6706 | D:7      | Found a shadowy altar of Dithmenos.
  6778 | D:7      | Reached skill level 1 in Dodging
  6778 | D:7      | Reached skill level 1 in Invocations
  7681 | D:7      | Reached skill level 1 in Shields
  7731 | D:7      | Reached *** piety under Okawaru
  8070 | D:8      | Noticed Elystan's ghost (novice DEWz)
  8104 | D:10     | Entered Level 10 of the Dungeon
  8184 | D:10     | Noticed a skeletal warrior
  8184 | D:10     | Noticed a skeletal warrior
  8184 | D:10     | Noticed a skeletal warrior
  8184 | D:10     | Noticed a skeletal warrior
  8247 | D:9      | Reached skill level 11 in Axes
  8247 | D:9      | Reached XP level 10. HP: 49/60 MP: 7/12
  8582 | D:9      | Reached **** piety under Okawaru
  8700 | D:9      | Found a flagged portal.
  8708 | Bailey   | Entered a bailey
  9052 | Bailey   | Noticed an orc knight
  9094 | Bailey   | an orc knight changed into a komodo dragon
  9470 | D:9      | Found a blossoming altar of Fedhas.
  9525 | D:9      | Found a staircase to the Lair.
  9647 | D:9      | Reached skill level 5 in Dodging
  9697 | D:10     | Reached ***** piety under Okawaru
  9864 | D:10     | Noticed Maurice
  9873 | D:10     | Killed Maurice
  9873 | D:10     | Reached XP level 11. HP: 66/66 MP: 14/14
  9894 | D:10     | Noticed Frank's ghost (journeyman GrGl)
  9910 | D:10     | Killed Frank's ghost
  9910 | D:10     | Received a gift from Okawaru
  9910 | D:10     | Reached skill level 12 in Axes
 10121 | D:11     | Noticed a manticore
 10135 | D:11     | HP: 2/100 [manticore (4)]
 10139 | D:11     | Slain by a manticore

Skill      XL: |  1  2  3  4  5  6  7  8  9 10 11 |
---------------+----------------------------------+-----
Fighting       | 3 4 5 6 7 |  7.1
Armour         | 5 6 7 8 |  8.4
Axes           | 5 9 11 12 | 12.1
Dodging        | 3 5 |  5.3
Invocations    | 1 3 |  3.5
Shields        | 1 4 |  4.4
Maces & Flails | |  1.1
Crossbows      | |  1.1
Stealth        | |  1.0
Evocations     | |  1.0

Action                   |  1- 3 |  4- 6 |  7- 9 | 10-12 || total
-------------------------+-------+-------+-------+-------++-------
Melee: Dagger            |       |   120 |   179 |       ||   299
       Kick              |       |    33 |   110 |    63 ||   206
       Peck              |       |    26 |    82 |    42 ||   150
       Hand axe          |       |       |   171 |     4 ||   175
       War axe           |       |       |       |   183 ||   183
 Fire: Hand crossbow     |    75 |    26 |       |       ||   101
Invok: Heroism           |       |       |     2 |     4 ||     6
 Abil: Fly               |       |       |     1 |     5 ||     6
Evoke: Wand              |       |       |     5 |    14 ||    19
  Use: Potion            |       |       |     6 |     5 ||    11
       Scroll            |       |       |    22 |       ||    22
  Eat: Chunk             |       |     7 |    13 |     3 ||    23
       Pizza             |       |     1 |       |     1 ||     2
       Beef jerky        |       |       |     1 |     1 ||     2
       Fruit             |       |       |       |     2 ||     2
Armor: Scale mail        |    16 |    75 |   154 |    42 ||   287
       Skin              |       |       |     1 |     5 ||     6
       Plate armour      |       |       |       |    35 ||    35
Dodge: Dodged            |    19 |    51 |   144 |    68 ||   282
Block: Shield            |       |       |    36 |    94 ||   130
